 Dungeon Crawl Stone Soup version 0.28.0 (webtiles) character file.

Game seed: 11856148287637898927

59 mopl the Sneak (level 3, 0/26 HPs)
             Began as a Draconian Enchanter on Feb 16, 2022.
             Was an Initiate of Ashenzari.
             Slain by a scorpion (4 damage)
             ... on level 3 of the Dungeon.
             The game lasted 00:02:46 (1865 turns).

mopl the Sneak (Draconian Enchanter)                Turns: 1865, Time: 00:02:46

Health: 0/26       AC:  5    Str:  8 (10) XL:     3   Next: 78%
Magic:  6/6        EV: 16    Int: 15 (17) God:    Ashenzari [......]
Gold:   78         SH:  0    Dex: 10 (11) Spells: 2/7 levels left

rFire   . . .      SeeInvis .   b - +0 short sword (speed)
rCold   . . .      Faith    .   (no shield)
rNeg    . . .      Spirit   .   (armour unavailable)
rPois   .          Reflect  .   (helmet restricted)
rElec   .          Harm     .   (no cloak)
rCorr   .          Rampage  .   (no gloves)
Will    .....                   (no boots)
Stlth   ++........              j - amulet of magic regeneration
HPRegen 0.08/turn               h - ring of Star-Bound Wisdom {EV+4, Cun, Bglg} (curse)
MPRegen 0.50/turn               (no ring)

@: no status effects
A: AC +5, unfitting armour, cold-blooded
a: Renounce Religion, Shatter the Chains


You were on level 3 of the Dungeon.
You worshipped Ashenzari.
Ashenzari was noncommittal.
You visited 1 branch of the dungeon, and saw 3 of its levels.

You collected 78 gold pieces.

Inventory:

Hand Weapons
 a - a +1 dagger
 b - a +0 short sword of speed (weapon)
Missiles
 l - 2 javelins (quivered)
Jewellery
 h - the cursed ring of Star-Bound Wisdom (left hand) {EV+4, Cun, Bglg}
   (You found it on level 2 of the Dungeon)

   [ring of evasion]

   EV:        It affects your evasion (+4).
   It has a curse which improves the following skills: Cunning: Dodging and
   Stealth.
   Beguiling: Conjurations, Hexes and Translocations.
 j - an amulet of magic regeneration (around neck)
Scrolls
 d - 2 scrolls of teleportation {unknown}
 f - 2 scrolls of identify {unknown}
 i - a scroll of immolation {unknown}
 m - a scroll of noise {unknown}
Potions
 c - a potion of invisibility
 k - a potion of mutation {unknown}


   Skills:
 + Level 1.6 Short Blades
 - Level 1.7(2.1) Dodging
 * Level 3.2(3.6) Stealth
 * Level 2.5 Spellcasting
 * Level 3.2(3.6) Hexes
 + Level 0.6 Ice Magic


You had 2 spell levels left.
You knew the following spells:

 Your Spells              Type           Power      Damage    Failure   Level
b - Ensorcelled Hibernat  Hex/Ice        16%        N/A       13%         2
c - Confusing Touch       Hex            12%        N/A       14%         3

Your spell library contained the following spells:

 Spells                   Type           Power      Damage    Failure   Level
 Tukima's Dance           Hex            12%        N/A       14%         3
 Dazzling Flash           Conj/Hex       14%        N/A       30%         3
 Ozocubu's Armour         Ice            3%         N/A       43%         3
 Metabolic Englaciation   Hex/Ice        4%         N/A       94%         5
 Simulacrum               Ice/Necr       1%         N/A       100%        6


Dungeon Overview and Level Annotations

Branches:
Dungeon (3/15)

Altars:
Ashenzari
Qazlal


Innate Abilities, Weirdness & Mutations

Your plain brown scales are hard. (AC +5)
You cannot fit into any form of body armour.
You are cold-blooded and may be slowed by cold attacks.


Message History

You tail-slap the scorpion, but do no damage.
The scorpion is severely wounded.
You feel sick. The scorpion barely misses you.
You closely miss the scorpion.
The scorpion is severely wounded.
You feel sick. The scorpion barely misses you.
You barely miss the scorpion.
The scorpion is severely wounded.
You feel sick. The scorpion barely misses you.
You hit the scorpion but do no damage.
Your tail-slap misses the scorpion.
The scorpion is severely wounded.
You feel sick. The scorpion closely misses you.
You barely miss the scorpion.
Your tail-slap misses the scorpion.
The scorpion is severely wounded.
You hit the scorpion but do no damage.
The scorpion is severely wounded.
You feel sick. The scorpion stings you.
* * * LOW HITPOINT WARNING * * *
Casting: Ensorcelled Hibernation (safe; 12% risk of failure)
Confirm with . or Enter, or press ? or * to list all spells.
Aiming: Ensorcelled Hibernation (safe; 12% risk of failure)
Press: ? - help, Shift-Dir - straight line, f/p - scorpion
Aim: a scorpion (severely wounded, chance to affect: 43%)
Okay, then.
Okay, then.
You feel sick.
The scorpion stings you but does no damage.
You feel sick.
You feel sick.
You are no longer poisoned.
You hit the scorpion but do no damage.
The scorpion is severely wounded.
The scorpion barely misses you.
It was a potion of degeneration.
There was something very wrong with that liquid.
You feel weakened.
You feel dopey.
You feel clumsy. The scorpion barely misses you.
It was a potion of magic.
Magic courses through your body. The scorpion stings you.
You die...

##### ###########
#.........##########
#...................
#.........#.........
#.).†.....##........
###.############.###
#...# #.#.. #.@.#
###...# #.s.#####
#......
#.......#####.###..
#.............###..
#.................†
#..................
#..............#...
##...........####..
#.......... #..


You could see a scorpion.

Vanquished Creatures
  An adder (D:3)
  A dart slug (D:3)
  2 ball pythons
  2 endoplasms
  A giant cockroach (D:1)
  6 goblins
  6 hobgoblins
  2 jackals (D:1)
  4 quokkas
  4 bats
  9 frilled lizards
  4 kobolds
  3 rats
  A spectral hobgoblin (D:2)
46 creatures vanquished.

Notes
Turn   | Place    | Note
-------+----------+-------------------------------------------
     0 | D:1      | mopl the Draconian Enchanter began the quest for the Orb.
     0 | D:1      | Reached XP level 1. HP: 14/14 MP: 3/3
   206 | D:1      | Reached XP level 2. HP: 20/20 MP: 5/5
   278 | D:1      | Reached skill level 3 in Stealth
   371 | D:1      | Learned a level 2 spell: Ensorcelled Hibernation
   660 | D:1      | Reached skill level 3 in Hexes
  1042 | D:2      | Found a faded altar of an unknown god.
  1051 | D:2      | Reached XP level 3. HP: 26/26 MP: 6/6
  1055 | D:2      | You fall into a shaft and drop 1 floor!
  1090 | D:2      | Prayed at the altar of an unknown god.
  1090 | D:2      | Became a worshipper of Ashenzari the Shackled
  1200 | D:2      | Found a stormy altar of Qazlal.
  1522 | D:3      | Learned a level 3 spell: Confusing Touch
  1830 | D:3      | Noticed a scorpion
  1865 | D:3      | Slain by a scorpion

Illustrated notes

Levels and vault maps discovered:
D:1:      dpeg_arrival_central, layout_basic
D:2:      layout_basic, basic_altar, dreamdust_ecumenical_altar_drowned_temple,
          serial_park_tiny_2
D:3:      layout_rooms, grunt_ministairs_13, amcnicky_mini_pool_small

Skill      XL: |  1  2 |
---------------+-------+-----
Stealth        | 3 |  3.2
Hexes          | 3 |  3.2
Short Blades   | |  1.6
Dodging        | |  1.7
Spellcasting   | |  2.5
Ice Magic      | |  0.6

Action                   || total
-------------------------++-------
Melee: Dagger            ||    19
       Tailslap          ||    14
       Short sword       ||   148
       Punch             ||     1
 Cast: Ensorcelled Hiber ||     2
Invok: Curse Item        ||     1
  Use: Potion            ||     2
 Stab: Sleeping          ||     8
Armor: Skin              ||    28
Dodge: Dodged            ||   105
